 Dungeon Crawl Stone Soup version 0.17-a0-1591-g7a45446 (webtiles) character file.

32 Geomchi the Insei (level 3, 0/26 HPs)
             Began as a Demonspawn Transmuter on July 29, 2015.
             Succumbed to an adder's poison
             ... on level 1 of the Dungeon.
             The game lasted 00:02:14 (1242 turns).

Geomchi the Insei (Demonspawn Transmuter)           Turns: 1242, Time: 00:02:14

Health: 0/26       AC:  5    Str: 10    XL:     3   Next: 8%
Magic:  6/6        EV: 10    Int: 15    God:
Gold:   65         SH:  0    Dex: 15    Spells: 1 memorised, 5 levels left

rFire  . . .     SeeInvis .       - Unarmed
rCold  . . .     Clarity  .     f - +0 ring mail
rNeg   . . .     SustAt   .     (no shield)
rPois  .         Gourm    .     (no helmet)
rElec  .         Spirit   .     (no cloak)
rCorr  .         Warding  .     (no gloves)
rMut   .         Stasis   .     (no boots)
MR     .....                    (no amulet)
Stlth  +.........               (no ring)
                                (no ring)

@: lethally poisoned (0 -> -8), very slightly contaminated, hasted, very quick,
not resistant to hostile enchantments, very unstealthy
A: thin skeletal structure 1
a: no special abilities


You were on level 1 of the Dungeon.
You were very hungry.

You visited 1 branch of the dungeon, and saw 2 of its levels.

You collected 65 gold pieces.

Inventory:

Missiles
 a - 42 arrows
 h - 7 arrows of frost
Armour
 b - a +0 robe
 f - a +0 ring mail (worn)
Scrolls
 e - a scroll of random uselessness {unknown}
 i - a scroll of remove curse {unknown}
 j - 2 scrolls of identify {unknown}
 m - a scroll of enchant weapon {unknown}
Books
 c - a book of Changes

   Spells                             Type                      Level
   a - Beastly Appendage              Transmutation                1
   b - Sticks to Snakes               Transmutation                2
   c - Spider Form                    Transmutation/Poison         3
   d - Ice Form                       Ice/Transmutation            4
   e - Blade Hands                    Transmutation                5
Comestibles
 d - a bread ration {@e1}
 g - 2 fruits
 k - a beef jerky


   Skills:
 - Level 1.0 Fighting
 - Level 1.7 Dodging
 + Level 3.2 Unarmed Combat
 - Level 2.0 Spellcasting
 + Level 2.7 Transmutations


You had 5 spell levels left.
You knew the following spells:

 Your Spells              Type           Power        Failure   Level  Hunger
a - Beastly Appendage     Trmt           #.....       21%         1    #......


Dungeon Overview and Level Annotations

Branches:
Dungeon (2/15)

Altars:


Innate Abilities, Weirdness & Mutations

You have a somewhat thin skeletal structure (Dex +2, Stealth).


Message History

You hit the crimson imp but do no damage.
The crimson imp blinks!
You closely miss the adder.
You feel sick.
You take 1 damage, and have 4/26 hp.
You hit the adder but do no damage. The adder bites you but does no damage.
You hit the adder. The adder bites you.
* * * LOW HITPOINT WARNING * * *
You are lethally poisoned!
The adder poisons you!
You take 2 damage, and have 3/26 hp.
You closely miss the adder. The adder misses you.
The crimson imp blinks!
You miss the adder.
* * * LOW HITPOINT WARNING * * *
You feel sick. The adder bites you but does no damage.
You take 1 damage, and have 2/26 hp.
You closely miss the adder. The adder bites you.
* * * LOW HITPOINT WARNING * * *
You take 1 damage, and have 1/26 hp.
You closely miss the adder.
You die...

######### #.......##
#.##.###.#### #....#
#....########### ######
###.##.###.##...........#
.....####............##########.#
####...............#.##########.#
#.####.#..5.#S#.#.##.......#.#
####.# #.#.##.#@#.#.##.#####.#.#
#....####....#.#.....##.# #.#.#
#..........#>.........#.#####.#.#
#......>...........).............
#....#......##............#.#...#
)....#..#.#.##...#.#.#....#.#.###
#.##........##..5...........#.#
#.####..#.#.##...........<..#.#
#.####............#######...#.#


You could see a crimson imp and an adder.

Vanquished Creatures
  An adder (D:2)
  A giant gecko (D:2)
  A bat (D:1)
  2 hobgoblins
  3 jackals (D:2)
  3 kobolds (D:1)
  3 giant newts
  2 goblins (D:1)
  4 rats
20 creatures vanquished.

Notes
Turn   | Place    | Note
--------------------------------------------------------------
     0 | D:1      | Geomchi the Demonspawn Transmuter began the quest for the Orb.
     0 | D:1      | Reached XP level 1. HP: 15/15 MP: 3/3
   242 | D:1      | Reached skill level 3 in Unarmed Combat
   461 | D:1      | Gained mutation: You have a somewhat thin skeletal structure (Dex +2, Stealth). [demonic ancestry]
   461 | D:1      | Reached XP level 2. HP: 12/21 MP: 5/5
  1188 | D:2      | Reached XP level 3. HP: 26/26 MP: 4/6
  1241 | D:1      | HP: 1/26 [adder (1)]
  1242 | D:1      | Succumbed to an adder's poison

Vault maps used:
D:1:      minmay_arrival_stone_box

Action                   || total
-------------------------++-------
Melee: Unarmed           ||   108
 Cast: Beastly Appendage ||     1
  Use: Potion            ||     3
